[Event "*** Titled Tuesday Blitz"]
[Site "Chess.com"]
[Date "2020.12.29"]
[Round "10"]
[White "vladgoncharov"]
[Black "ambaixador"]
[Result "1/2-1/2"]
[WhiteElo "2553"]
[BlackElo "2437"]
[TimeControl "180+1"]
[EndTime "11:56:52 PST"]
[Termination "Game drawn - insufficient material"]

1. e4 c5 2. Nf3 d6 3. d4 cxd4 4. Qxd4 Nf6 5. Nc3 Nc6 6. Bb5 Bd7 7. Bxc6 Bxc6 8. Bg5 e6 9. O-O-O Be7 10. Rhe1 O-O 11. Kb1 Qc7 12. Qd2 b5 13. Nd4 b4 14. Nxc6 Qxc6 15.
Bxf6 Bxf6 16. Ne2 Qxe4 17. Nc1 Qxg2 18. Qxd6 Qxf2 19. Nd3 Qd4 20. Qxd4 Bxd4 21. Nxb4 Bf6 22. c4 Rab8 23. Nd3 Rfc8 24. Rc1 a5 25. c5 a4 26. Re2 Rd8 27. Ne5 Rd5 28. Ng4 Be7 29. c6 a3 30. b3 Rc8 31. Rc4 Rd1+ 32. Kc2 Rd6 33. Ne5 f6 34. Nd3 Rdxc6 35. Rxe6 Rxc4+ 36. bxc4 Rxc4+ 37. Kb3 Rc7 38. Nf4 Kf7 39. Ra6 Rb7+ 40. Kc3 Rd7 41. Kc4 Bd6 42. Nd5 Bxh2 43. Rxa3 Be5 44. Ra8 h5 45. a4 h4 46. a5 h3 47. a6 h2 48. Rh8 Ra7 49. Kb5 Ke6 50.
Ne3 g5 51. Nf1 g4 52. Nxh2 g3 53. Nf3 Kf5 54. Rg8 Bf4 55. Nd4+ Ke4 56. Nc6 Rc7 57. a7 Rxa7 58. Nxa7 Bg5 59. Rd8 g2 60. Rd1 Be3 61.
Nc6 g1=Q 62. Rxg1 Bxg1 63. Ne7 Ke5 64. Kc4 Ke6 65. Ng6 f5 66. Kd3 Kf6 67. Nf4 Bh2 68.
Nd5+ Ke5 69. Ne3 f4 70. Ng4+ Kf5 71. Nxh2 Kg5 72. Nf1 f3 73. Ke3 Kh4 74. Kf2 Kh5 75.
Nd2 Kg6 76. Nxf3 1/2-1/2

[Event "*** Titled Tuesday Blitz"]
[Site "Chess.com"]
[Date "2020.12.29"]
[Round "10"]
[White "louis198"]
[Black "Arseniy_Nesterov"]
[Result "0-1"]
[WhiteElo "2616"]
[BlackElo "2794"]
[TimeControl "180+1"]
[EndTime "11:56:53 PST"]
[Termination "Arseniy_Nesterov won on time"]

1. d4 d5 2. c4 c6 3. Nc3 Nf6 4. Nf3 dxc4 5. e3 b5 6. a4 b4 7. Na2 e6 8. Bxc4 a5 9. O-O Ba6 10. Qe2 Be7 11. Bd2 O-O 12. Nc1 Ne4 13. Nb3 c5 14. Rfd1 cxd4 15. Nbxd4 Qb6 16. Be1 Bb7 17. Rac1 Nc6 18. Bb5 Nxd4 19. Nxd4 Rac8 20. f3 Nd6 21. Bf2 e5 22. Nb3 e4 23. Rxc8 Rxc8 24. f4 h6 25. g4 Rd8 26. Nd4 Bf6 27. b3 Nxb5 28. Nxb5 Ba6 29.
Rxd8+ Qxd8 30. Kg2 Qd5 31. h4 Qxb3 32. g5 hxg5 33.
hxg5 Be7 34. Qg4 Qxa4 35. Nd4 Qe8 36. g6 Bc4 37. gxf7+ Bxf7 38. Nf5 Bf6 39. Nd6 Qe6 40. Nf5 Qe8 41. Nh6+ Kf8 42. Nxf7 Kxf7 43. Qh5+ Kf8 44. Qxa5 Kf7 45. Qxb4 Qe7 46. Qc4+ Qe6 47. Qc7+ Kg6 48. Qc5 Qg4+ 49. Kf1 Qh3+ 50. Ke2 Qg4+ 51. Ke1 Kh7 52. Qd5 Qg6 53. Ke2 Qg4+ 54. Ke1 Qf3 55. Qe6 Qh1+ 56. Ke2 Qf3+ 57. Ke1 Bc3+ 58. Kf1 Qh1+ 59. Ke2 Qh5+ 60. Kf1 Qd1+ 61. Kg2 Qf3+ 62. Kf1 Bf6 63. Qf5+ Kh8 64. Qc8+ Kh7 65. Qf5+ Kh6 66. Qe6 Kg6 67. Qe8+ Kh7 68. Qe6 Bh4 69. Qf5+ Kh6 70. Qe6+ g6 71. Qxg6+ Kxg6 72. f5+ Kxf5 0-1

[Event "*** Titled Tuesday Blitz"]
[Site "Chess.com"]
[Date "2020.12.29"]
[Round "10"]
[White "GregShahade"]
[Black "FontVella8"]
[Result "1/2-1/2"]
[WhiteElo "2669"]
[BlackElo "2549"]
[TimeControl "180+1"]
[EndTime "11:56:54 PST"]
[Termination "Game drawn by repetition"]

1. e4 c6 2. Nc3 d5 3. Nf3 d4 4. Ne2 c5 5. Ng3 Nc6 6. Bc4 e6 7. O-O Nf6 8. d3 Be7 9. a4 O-O 10. Re1 b6 11. Bf4 Bb7 12. Qd2 Re8 13. Ne5 Nxe5 14.
Bxe5 Nd7 15. Bf4 e5 16. Bh6 gxh6 17. Qxh6 Bf8 18. Qh5 Qf6 19. Nf5 Qg6 20. Qf3 Nf6 21. h3 a6 22. Kf1 Bc6 23. Bb3 b5 24. Ke2 c4 25. Ba2 Rab8 26. axb5 Bxb5 27. Bxc4 Bxc4 28. dxc4 Rxb2 29. Rxa6 Rxc2+ 30. Kf1 Rc3 31. Qe2 Rc8 32. g3 R3xc4 33. Nh4 Qg5 34. Nf3 Qg7 35. Nxe5 Rc2 36. Qf3 Be7 37. Ra7 Kf8 38. Rea1 Rc1+ 39. Rxc1 Rxc1+ 40. Kg2 Rc8 41. Qf5 Rd8 42. Nc6 Qg6 43. Nxe7 Qxf5 44. Nxf5 d3 45. Ne3 d2 46. Nd1 Nxe4 47.
Ra2 Rc8 48. Kf3 Rc1 49. Kxe4 Rxd1 50. Kd3 Rh1 51. Rxd2 Rxh3 52. Ke2 Rh6 53. Kf3 Rf6+ 54. Kg2 Kg7 55. Rd4 h6 56. Rg4+ Rg6 57. Ra4 Rf6 58. Ra5 Kg6 59. f4 Rf5 60. Ra6+ Rf6 61. Ra7 Rb6 62. Kh3 Rb1 63. Ra6+ f6 64. Kg4 h5+ 65. Kf3 Rb3+ 66. Kg2 Kf5 67. Ra8 h4 68. gxh4 Kxf4 69. Ra4+ Kf5 70. Rc4 Kg6 71. Kf2 Kh5 72. Kg2 f5 73.
Kf2 Rh3 74. Kg2 Rxh4 75. Rxh4+ Kxh4 76. Kf3 Kg5 77. Kg3 f4+ 78. Kf3 Kf5 79. Kf2 Ke4 80.
Ke2 f3+ 81. Kf2 Kf4 82. Kf1 Kg4 83. Kf2 Kf4 84. Kf1 Ke3 85. Ke1 Ke4 86. Kf2 Kf4 1/2-1/2

[Event "*** Titled Tuesday Blitz"]
[Site "Chess.com"]
[Date "2020.12.29"]
[Round "10"]
[White "vinniethepooh"]
[Black "tlomigtlis"]
[Result "1/2-1/2"]
[WhiteElo "2693"]
[BlackElo "2560"]
[TimeControl "180+1"]
[EndTime "11:56:56 PST"]
[Termination "Game drawn by repetition"]

1. d4 d5 2. c4 c6 3. Nc3 Nf6 4.
cxd5 cxd5 5. f3 Qb6 6. e4 dxe4 7. fxe4 e5 8. Bb5+ Bd7 9. dxe5 Bxb5 10. exf6 Nd7 11.
Nd5 Qc6 12. Bf4 Bb4+ 13. Kf2 Bc5+ 14. Kg3 Nxf6 15. Nc7+ Ke7 16. Nd5+ Kf8 17. Nxf6 gxf6 18. Qd5 Rg8+ 19. Kf3 Re8 20. Rc1 Qxd5 21. exd5 b6 22. g3 Bd3 23. Kg2 Be4+ 24. Nf3 Bxd5 25. Bh6+ Ke7 26.
Rcd1 Be4 27. Rhe1 f5 28. Kh3 Kf6 29. Nh4 Rg6 30. Bf4 Reg8 31. Bd6 Bxd6 32. Rxd6+ Kg5 33. Rd4 Re6 34. Rf1 Kf6 35. Rd7 Rg5 36. Rxa7 Bd5 37. Rf4 Re4 38. Rd7 Rxf4 39. gxf4 Rg4 40. Rxd5 Rxf4 41.
Kg3 Rg4+ 42. Kh3 Rf4 43. Rd6+ Kg5 44. Rxb6 Rxh4+ 45. Kg3 Rg4+ 46. Kf3 Rh4 47. b4 Rxh2 48. a4 Rh3+ 49. Kg2 Ra3 50. a5 Kg4 51. Rb7 Ra2+ 52. Kf1 Kf3 53. Ke1 f4 54. Rxf7 Ra1+ 55. Kd2 Kg3 56.
Rg7+ Kf2 57. Rxh7 f3 58. Kc3 Ke3 59. Re7+ Kf4 60. Rf7+ Ke3 61. Re7+ Kf4 62. Kc4 Rc1+ 63. Kb5 f2 64. Rf7+ Ke3 65. a6 f1=Q+ 66. Rxf1 Rxf1 67. a7 Rf8 68. Kc6 Kd4 69. b5 Rf6+ 70. Kb7 Rf7+ 71. Ka6 Rf8 72. b6 Kc5 73. b7 Rf6+ 74. Ka5 Rf1 75.
Ka4 Kc4 76. Ka3 Kc3 77. Ka2 Rf2+ 78. Ka3 Rf1 79. Ka4 Kc4 80. Ka5 Kc5 81. Ka4 Kc4 1/2-1/2

[Event "*** Titled Tuesday Blitz"]
[Site "Chess.com"]
[Date "2020.12.29"]
[Round "10"]
[White "davidkalashian"]
[Black "amatatanav"]
[Result "1-0"]
[WhiteElo "2569"]
[BlackElo "2430"]
[TimeControl "180+1"]
[EndTime "11:56:56 PST"]
[Termination "davidkalashian won on time"]

1. d4 Nf6 2. c4 e6 3. Nf3 d5 4.
Nc3 Be7 5. Bf4 O-O 6. e3 Nbd7 7. c5 Nh5 8. Bd3 Nxf4 9. exf4 b6 10. b4 a5 11. a3 c6 12. O-O Ba6 13. Re1 Qc7 14. g3 g6 15. Qd2 Bxd3 16. Qxd3 Ra7 17. Rec1 Rfa8 18. cxb6 Qxb6 19. b5 a4 20. bxc6 Qxc6 21.
Nb5 Qa6 22. Ne1 Rb7 23. Nc7 Qxd3 24. Nxd3 Raa7 25. Ne8 Rb8 26. Nc7 Kf8 27. Rc3 Rb3 28. Rxb3 axb3 29. Nb5 Ra4 30. Nb2 Ra5 31. a4 Nb6 32.
Rc1 Nxa4 33. Ra1 Rxb5 34. Rxa4 Bb4 35. Nd1 Bd2 36. Ra1 b2 37. Rb1 Bc1 38. Nc3 Rb3 39. Ne2 Rd3 40. Kg2 Rd1 41. Kf3 Ke7 42. h4 Kd6 43. g4 Kc6 44. g5 Kd6 45. Kg2 Ke7 46. Kf3 Kd6 47. Kg2 Kc6 48. Kf3 Kc7 49.
Kg2 Re1 50. Kf3 Rh1 51. Kg3 Kd7 52. Nc3 Rg1+ 53. Kf3 Re1 54. Ne2 Rd1 55. Kg3 Rd3+ 56. Kg2 Rd1 57. Kf3 Kc6 58. Kg3 Kb6 59. Nxc1 Rxc1 60.
Rxb2+ Kc6 61. Rb8 Rc3+ 62. f3 Rd3 63. Rf8 Rxd4 64. Rxf7 Rd1 65. Rxh7 d4 66. h5 gxh5 67. Kf2 d3 68. g6 Ra1 69. g7 d2 70. g8=Q d1=Q 71. Qc8+ Kb5 72. Rb7+ 1-0

[Event "*** Titled Tuesday Blitz"]
[Site "Chess.com"]
[Date "2020.12.29"]
[Round "10"]
[White "ClydeHillKid"]
[Black "cukin84"]
[Result "1-0"]
[WhiteElo "2390"]
[BlackElo "2199"]
[TimeControl "180+1"]
[EndTime "11:56:59 PST"]
[Termination "ClydeHillKid won on time"]

1. e4 c6 2. d3 d5 3. Nd2 e5 4. Ngf3 Bd6 5. g3 Nf6 6. Bg2 O-O 7. O-O Nbd7 8. Re1 d4 9. c3 c5 10. Nc4 Bb8 11. b4 b5 12. Na3 dxc3 13. bxc5 b4 14. Nc4 Ba6 15. c6 Bxc4 16. dxc4 Nb6 17. Qb3 a5 18. a3 Bd6 19. axb4 axb4 20. Rxa8 Qxa8 21. Be3 Qxc6 22. Nd2 Ra8 23. Nb1 Nxc4 24. Bg5 Nd7 25. Bf1 Ndb6 26. Rd1 h6 27. Bc1 Bc5 28. Nxc3 bxc3 29.
Qxc3 Bd4 30. Qb3 Kh7 31. Be2 Qc5 32. Rf1 Nd6 33. Qf3 Ra7 34. Bd2 Nbc4 35. Bc1 Qc7 36. h4 Qe7 37. h5 Qf6 38. Qg4 Ra2 39. Kg2 Bb2 40. Be3 Nxe3+ 41. fxe3 Qg5 42. Qf3 Nc4 43. Kh3 Nxe3 44. Rf2 Bd4 45. Qxf7 Ng4 46. Bxg4 Rxf2 47. Bf5+ Rxf5 48. exf5 Bf2 49. Qg6+ Qxg6 50. hxg6+ Kg8 51. g4 e4 52. Kg2 e3 53. Kf3 Kf8 54. Ke2 Ke7 55.
Kf3 Kf6 56. Ke2 Kg5 57. Kf3 Bg1 58. Ke2 Kxg4 59. f6 gxf6 60. g7 f5 61. g8=Q+ Kf4 62. Qh7 Ke4 63. Qxh6 Bf2 64. Qh5 f4 65. Qf3+ Ke5 66.
Kd3 Kf5 67. Qe4+ Kg4 68. Ke2 Kg3 69. Qg6+ Kh2 70. Qh5+ Kg1 71. Qg4+ Bg3 72. Qf3 Kh2 73. Kf1 Kh3 74. Qh5+ Bh4 75. Ke2 Kg3 76. Qf3+ Kh2 77. Qxf4+ Bg3 78. Qxe3 Kh3 79. Qf3 Kh4 80. Kd3 Kh3 81.
Ke4 Kh2 82. Kf5 1-0

[Event "*** Titled Tuesday Blitz"]
[Site "Chess.com"]
[Date "2020.12.29"]
[Round "10"]
[White "1f3_2g41-0"]
[Black "davigator"]
[Result "0-1"]
[WhiteElo "2418"]
[BlackElo "2303"]
[TimeControl "180+1"]
[EndTime "11:57:03 PST"]
[Termination "davigator won by checkmate"]

1. e4 c5 2. Nf3 Nc6 3. Bb5 g6 4.
O-O Bg7 5. c3 Nf6 6. d4 cxd4 7.
cxd4 d5 8. e5 Ne4 9. Nc3 Nxc3 10. bxc3 O-O 11. Qb3 f6 12. Re1 Bg4 13. Be2 Na5 14.
Qa4 Bxf3 15. Bxf3 fxe5 16. dxe5 e6 17. Ba3 Rf7 18. Bg4 Qb6 19. Qd4 Qc6 20. Bd6 Re8 21. Qxa7 b6 22. Qa6 Nc4 23. a4 Nxd6 24. exd6 Qxd6 25.
Qb5 Ree7 26. Re2 Bxc3 27. Rd1 Bb4 28. Rxe6 Rxe6 29. Bxe6 Qxe6 30. Qxb4 Rd7 31. Re1 Qd6 32. Qd4 Qc5 33. Qf6 Qf8 34. Qxb6 d4 35. Qb5 Qf7 36.
Qb8+ Kg7 37. Qe5+ Qf6 38. Qb5 Qd6 39. Qd3 Ra7 40. Ra1 Qb4 41. Rb1 Qxa4 42. h4 Rd7 43. h5 Qa5 44. hxg6 hxg6 45. Qh3 Qf5 46. Qb3 d3 47. Rd1 Qe4 48. Qc3+ Kf7 49. Qb3+ Kg7 50. Qc3+ Kh7 51. Re1 Qf5 52. Rd1 Qe4 53. Rd2 Qe1+ 54. Kh2 Qe4 55. Qf6 Qd5 56. g4 Rf7 57. Qh4+ Kg7 58.
Qg3 Rf3 59. Qc7+ Kh6 60. Qe7 Qd4 61. Qh4+ Kg7 62. Qe7+ Rf7 63. Qe3 Qxg4 64. Rxd3 Qf5 65. Kg2 Qg4+ 66. Qg3 Qe4+ 67. Kg1 Qe1+ 68. Kg2 Qe4+ 69.
Kh2 Rf5 70. Re3 Rh5+ 71. Qh3 Rxh3+ 72. Kxh3 Qf4 73. Kg2 Qf5 74. Rf3 Qe4 75. Kg3 g5 76. Re3 Qf4+ 77. Kg2 Kg6 78. Rg3 Kf5 79. Kg1 Ke4 80. Kg2 g4 81. Re3+ Kf5 82. Kf1 Qd4 83. Kg2 Qd1 84. Kh2 Qd2 85. Kg2 Qc2 86. Kh2 Qxf2+ 87.
Kh1 Qxe3 88. Kh2 Qe2+ 89. Kh1 Kf4 90. Kg1 Kf3 91. Kh1 Qg2# 0-1

[Event "*** Titled Tuesday Blitz"]
[Site "Chess.com"]
[Date "2020.12.29"]
[Round "10"]
[White "maheswaran26"]
[Black "DarZay"]
[Result "1-0"]
[WhiteElo "2223"]
[BlackElo "2100"]
[TimeControl "180+1"]
[EndTime "11:57:11 PST"]
[Termination "maheswaran26 won on time"]

1. d4 d5 2. Nf3 Bf5 3. c4 e6 4.
Nc3 Nf6 5. Bg5 Be7 6. Bxf6 Bxf6 7. cxd5 exd5 8. Qb3 Nd7 9. Qxd5 Be6 10. Qe4 O-O 11. d5 Bxc3+ 12. bxc3 Nf6 13. Qd4 Qxd5 14. e3 Ne4 15.
Bd3 f5 16. Qxd5 Bxd5 17. c4 Bc6 18. Nd4 Nc5 19. Bxf5 Bxg2 20. Rg1 Be4 21. Bxe4 Nxe4 22. Rg2 Rf6 23. Ke2 c5 24. Nb3 Rd8 25. Rc1 a5 26.
f3 a4 27. fxe4 axb3 28. axb3 Re6 29. Rcg1 g6 30. Rg4 Red6 31. h4 Rd2+ 32. Kf3 Rf8+ 33. Rf4 Rxf4+ 34. Kxf4 Kf7 35. Rg5 b6 36. Rd5 Rb2 37.
Ke5 Rxb3 38. Rd7+ Ke8 39. Rxh7 Rxe3 40. Rb7 Rh3 41. Rxb6 Rxh4 42. Rxg6 Ke7 43. Rg7+ Ke8 44.
Rc7 Rh5+ 45. Kd6 Rh4 46. Kd5 Rh5+ 47. e5 Kd8 48. Rxc5 Kd7 49. Ra5 Rg5 50. Ra7+ Kc8 51. c5 Rg1 52. Rh7 Rd1+ 53. Kc6 Kd8 54. e6 Ke8 55. Rd7 Re1 56. Rd6 Rb1 57. Kc7 Rc1 58.
c6 Ke7 59. Rd7+ Kxe6 60. Rd2 Ke7 61. Kb7 Rb1+ 62. Kc8 Rc1 63. c7 Ke6 64. Re2+ Kd6 65. Rd2+ Ke7 66. Re2+ Kd6 67. Kd8 Rh1 68. c8=Q Rh8+ 69.
Re8 Rxe8+ 70. Kxe8 1-0

[Event "*** Titled Tuesday Blitz"]
[Site "Chess.com"]
[Date "2020.12.29"]
[Round "10"]
[White "MaevskiyNikolay"]
[Black "Jenia84"]
[Result "1-0"]
[WhiteElo "2597"]
[BlackElo "2366"]
[TimeControl "180+1"]
[EndTime "11:57:12 PST"]
[Termination "MaevskiyNikolay won on time"]

1. d4 Nf6 2. c4 e6 3. Nf3 b6 4.
Nc3 Bb7 5. Bg5 h6 6. Bh4 Bb4 7. Qb3 a5 8. Nd2 Nc6 9. e3 Be7 10. Be2 a4 11. Qd1 a3 12. b3 Bb4 13. Qc2 Ne7 14. Bxf6 gxf6 15. Bf3 Bxf3 16. Nxf3 Rg8 17. O-O Ng6 18. Ne2 f5 19. d5 Nh4 20. Nxh4 Qxh4 21.
g3 Qg4 22. Nd4 h5 23. Qe2 Bc3 24. dxe6 fxe6 25. Rad1 Bxd4 26. Qxg4 Rxg4 27. exd4 Ke7 28. Rfe1 Kd6 29. Kg2 h4 30. Kf3 hxg3 31. hxg3 Rag8 32.
Rd3 Ra8 33. Ree3 Ra7 34. Re2 c6 35. Re1 b5 36. c5+ Ke7 37. d5 cxd5 38. Rxd5 Rc7 39.
Rxf5 Rg7 40. Rfe5 Kf6 41. Kg2 b4 42. f4 Rg8 43. R1e4 Rb8 44. Kf3 Rb5 45. Rc4 Rc6 46. g4 Kf7 47. Ke4 Rc7 48. Kd4 Rc6 49. Rh5 d5 50. cxd6 Rxd6+ 51. Ke4 Rxh5 52. gxh5 Rd2 53.
Rxb4 Rxa2 54. Ra4 Rh2 55. Rxa3 Rxh5 56. Ra7+ Kf6 57. b4 Rh3 58. b5 Rb3 59. Rb7 Rb4+ 60. Ke3 Rb3+ 61. Kd4 Rb4+ 62. Kc5 Rxf4 63. b6 Rf1 64. Rb8 Rc1+ 65. Kd4 Rb1 66. b7 Kg7 67.
Ke5 Rb6 68. Ke4 Kh7 69. Kf4 Kg7 70. Ke4 Kh7 71. Kd4 Kg7 72. Kc5 Rb1 73. Kd6 Rb6+ 74.
Ke7 e5 75. Kd7 e4 76. Kc7 Rb1 77. Re8 Rc1+ 78. Kd7 Rd1+ 79. Kc6 Rc1+ 80. Kb6 Rb1+ 81. Ka7 Ra1+ 82. Kb8 Ra4 83. Kc8 Rc4+ 84. Kb8 Rb4 85.
Re7+ 1-0

[Event "*** Titled Tuesday Blitz"]
[Site "Chess.com"]
[Date "2020.12.29"]
[Round "10"]
[White "mbojan"]
[Black "Slovak_fighter2000"]
[Result "1-0"]
[WhiteElo "2673"]
[BlackElo "2484"]
[TimeControl "180+1"]
[EndTime "11:57:12 PST"]
[Termination "mbojan won by resignation"]

1. Nf3 Nf6 2. g3 b6 3. Bg2 Bb7 4. O-O e6 5. d3 d5 6. Nbd2 Be7 7. e4 O-O 8. e5 Nfd7 9. Re1 c5 10. Nf1 Nc6 11. h4 a5 12. Bf4 a4 13. h5 Re8 14.
N1h2 h6 15. Ng4 Bf8 16. Qd2 a3 17. b3 d4 18. Qe2 Nb4 19. Rec1 Nd5 20. Bd2 b5 21.
Re1 b4 22. Kh2 N7b6 23. Qf1 Nc3 24. Bxc3 dxc3 25. Nh4 Bxg2 26. Qxg2 Qg5 27. Qf3 Nd5 28. Kg2 Qxh5 29. Rh1 Qg5 30. Qe4 h5 31. Nh2 g6 32.
N4f3 Qf5 33. Qc4 Rad8 34. Rae1 Bg7 35. Re4 Rc8 36. g4 hxg4 37. Nxg4 g5 38. Rh5 Nf4+ 39. Rxf4 Qxf4 40. Qxf4 gxf4 41. Rg5 Kf8 42. Rh5 Rcd8 43. Ne1 Rd5 44. Kf3 Rd4 45. Ke2 Ke7 46. Nf3 Rd5 47.
Rh7 Rg8 48. Ke1 Kf8 49. Rh1 Rh8 50. Rg1 Rh3 51. Ke2 Rd8 52. Ng5 Rh5 53. Nf3 Rd5 54. Rf1 Bxe5 55. Ngxe5 Rhxe5+ 56. Nxe5 Rxe5+ 57. Kf3 Ke7 58. Rh1 Rf5 59. Rh8 Rg5 60. Rh1 e5 61. Ke4 Ke6 62. Kf3 Kf5 63. Re1 f6 64. Rf1 Rh5 65. Rg1 Rh3+ 66. Ke2 Rh2 67. Rf1 Kg4 68. Rg1+ Kh3 69. Kf3 f5 70. Re1 e4+ 71. dxe4 fxe4+ 72. Rxe4 Rh1 73. Re8 Kh2 74. Rh8+ Kg1 75. Rxh1+ Kxh1 76. Kxf4 Kg2 77. Ke3 Kf1 78. f4 Ke1 79. f5 Kd1 80. Kd3 Kc1 81. f6 Kb2 82. f7 Kxa2 83. f8=Q Kb2 84.
Qxc5 a2 85. Qxb4 a1=Q 86. Qxc3+ Kb1 87. Qxa1+ 1-0

[Event "*** Titled Tuesday Blitz"]
[Site "Chess.com"]
[Date "2020.12.29"]
[Round "10"]
[White "tjychess"]
[Black "Legendinunknown"]
[Result "1-0"]
[WhiteElo "2744"]
[BlackElo "2571"]
[TimeControl "180+1"]
[EndTime "11:57:24 PST"]
[Termination "tjychess won by checkmate"]

1. d4 d5 2. c4 c6 3. Nf3 Nf6 4. Nc3 e6 5. Bg5 h6 6. Bh4 dxc4 7. e4 g5 8. Bg3 b5 9. e5 Nd5 10. h4 g4 11. Nd2 h5 12. Nde4 Be7 13. Be2 Nd7 14. Qd2 Bb7 15. Nd6+ Bxd6 16. exd6 Nxc3 17. bxc3 Qb6 18. Qg5 f6 19. Qg6+ Kd8 20. O-O c5 21.
Rfd1 cxd4 22. Rxd4 Qc5 23. Rad1 Bc6 24. Qg7 Re8 25.
R4d2 Kc8 26. Bf4 Kb7 27. a4 a6 28. Rb2 Qa3 29. Rdb1 Qxa4 30. Rb4 Qa3 31. Bxc4 Qxc3 32. Bxb5 axb5 33. Rxb5+ Kc8 34. Rxh5 Ra1 35. Rxa1 Qxa1+ 36. Kh2 Qf1 37. Qxg4 f5 38. Qg6 Nf6 39. Rg5 Rf8 40. f3 Qd3 41. Be5 Nd7 42. Bg3 Qd5 43. Qg7 Rd8 44.
Qf7 Qc4 45. Rg8 Rxg8 46. Qxg8+ Kb7 47. Qd8 f4 48. Qc7+ Ka6 49. Bf2 Kb5 50. Qa7 Qd5 51.
Qa3 Nc5 52. Qb2+ Nb3 53. Qc3 Nc5 54. Qb2+ Ka6 55. Qa3+ Na4 56. Qb4 Bb5 57. Qxf4 Nc3 58. Bg3 Ne2 59. Qg5 Nxg3 60. Kxg3 Qxd6+ 61. Qf4 e5 62.
Qg5 e4+ 63. Qf4 Qg6+ 64. Kf2 exf3 65. gxf3 Bc6 66. Qg5 Qd3 67. Qf6 Kb5 68. Qf4 Qc2+ 69. Kg3 Qd1 70. Qg5+ Kc4 71. Qe3 Qd7 72. Qf4+ Kb5 73.
h5 Qg7+ 74. Kh4 Qa1 75. h6 Qh1+ 76. Kg5 Bxf3 77. Qf5+ Kc6 78. h7 Qg2+ 79. Kh6 Be4 80. Qf6+ Kd5 81. h8=Q Qh3+ 82. Kg7 Qg4+ 83. Kf8 Qc8+ 84.
Kf7 Qd7+ 85. Qe7 Qf5+ 86. Qhf6 Qh7+ 87. Kf8 Qh3 88. Qfe5+ Kc4 89. Qxe4+ Kb5 90. Q7b7+ Ka5 91. Qeb4# 1-0

[Event "*** Titled Tuesday Blitz"]
[Site "Chess.com"]
[Date "2020.12.29"]
[Round "10"]
[White "malakismayil"]
[Black "WinOrTilt"]
[Result "0-1"]
[WhiteElo "2292"]
[BlackElo "2175"]
[TimeControl "180+1"]
[EndTime "11:57:49 PST"]
[Termination "WinOrTilt won by resignation"]

1. e4 e6 2. d4 d5 3. Nd2 dxe4 4. Nxe4 Nd7 5. Bd3 Ngf6 6. Bg5 Be7 7. Bxf6 Nxf6 8.
Nxf6+ Bxf6 9. c3 O-O 10. Ne2 b6 11. Be4 Rb8 12. O-O Bb7 13. Bxb7 Rxb7 14. Ng3 g6 15. Qf3 Rb8 16. Ne4 Bg7 17. Rad1 Qd5 18. b3 f5 19. Ng5 Qxf3 20. Nxf3 Rfe8 21. Rfe1 Rbd8 22. Ng5 Rd6 23. f4 Bh6 24. h4 Bxg5 25. hxg5 Kf7 26. Kf2 Red8 27.
Re2 c5 28. Red2 cxd4 29. cxd4 Rc8 30. Ke3 Rc3+ 31. Kf2 a5 32. Rd3 Rc2+ 33. R3d2 Rxd4 34. Rxc2 Rxd1 35. Rc7+ Kg8 36. Rc8+ Kg7 37. Rc7+ Kf8 38.
Rc8+ Ke7 39. Rc7+ Rd7 40. Rc2 Kd6 41. Rd2+ Kc6 42. Re2 Rd6 43. Rc2+ Kb5 44. a3 Rd7 45. Ke3 a4 46. b4 Re7 47. Rc3 e5 48. g3 exf4+ 49.
Kxf4 Re4+ 50. Kf3 Rg4 51. Rc7 Rxg5 52. Rxh7 Rg4 53. Rc7 Rd4 54. Rg7 Rg4 55. Rc7 g5 56. Rf7 Kc6 57. Rxf5 Rc4 58. Re5 Rc3+ 59. Re3 Rc4 60.
Re5 g4+ 61. Kf2 Rc3 62. Re3 Rc2+ 63. Re2 Rc3 64. Re3 Rc1 65. Ke2 Kd5 66. Rd3+ Ke4 67.
Re3+ Kd4 68. Rd3+ Kc4 69. Rd8 Ra1 70. Rc8+ Kb5 71. Rg8 Rxa3 72. Rg5+ Ka6 73. Rxg4 Rb3 74. Kd2 a3 75. Kc2 Rb2+ 76. Kc1 Kb5 77. Re4 Ka4 78. Re8 Kb3 79. Re3+ Ka4 80. Re8 Kxb4 81. Re4+ Ka5 82. Re5+ b5 83. g4 Rg2 84. g5 Ka4 85. Re4+ b4 86. Re8 Rxg5 87. Ra8+ Kb3 88. Kd2 Rg2+ 89.
Ke3 Rg3+ 90. Ke4 Rc3 91. Kd4 a2 92. Ra7 Kb2 93. Ra6 a1=Q 94. Rxa1 Kxa1 0-1

[Event "*** Titled Tuesday Blitz"]
[Site "Chess.com"]
[Date "2020.12.29"]
[Round "10"]
[White "jcibarra"]
[Black "Rsnr"]
[Result "1/2-1/2"]
[WhiteElo "2888"]
[BlackElo "2808"]
[TimeControl "180+1"]
[EndTime "11:58:01 PST"]
[Termination "Game drawn by agreement"]

1. e4 c6 2. Nf3 d5 3. d3 g6 4.
e5 f6 5. d4 fxe5 6. Nxe5 Bg7 7. Bf4 Nd7 8. Bd3 Nxe5 9. dxe5 Nh6 10. Qd2 Nf7 11. Qe3 Qb6 12. Qc1 Nxe5 13. Nc3 O-O 14. O-O Nxd3 15. cxd3 Bf5 16. Rd1 e5 17. Bh6 Bxh6 18.
Qxh6 Bxd3 19. Rd2 e4 20. Rc1 Qd4 21. Nd1 Rf5 22. Ne3 Rh5 23. Qf4 Rf8 24. Qc7 Qe5 25. Qxe5 Rxe5 26. Rc5 Rfe8 27. Ng4 R5e6 28. Rc1 h5 29.
Ne3 d4 30. Nc4 c5 31. b3 b6 32. Nb2 Ba6 33. Re1 e3 34. fxe3 dxe3 35. Rd7 e2 36. Nc4 Bxc4 37. bxc4 a5 38. Rd2 Re4 39. Rc2 Kf7 40. Kf2 R8e5 41. Kf3 Re3+ 42. Kf2 Ke6 43. Rb2 Kf5 44. Rxb6 R3e4 45. Rb2 Rf4+ 46. Kg1 Rxc4 47. Rbxe2 Rxe2 48. Rxe2 a4 49. Kf2 a3 50. g3 Rb4 51.
Kf3 Rb2 52. Re1 Rxh2 53. Rc1 Rxa2 54. Rxc5+ Kf6 55. Ra5 Ra1 56. Ra6+ Ke5 57. Kg2 a2 58. Ra5+ Kf6 59. Ra6+ Ke7 60. Ra7+ Kd6 61. Ra6+ Kc5 62. Ra5+ Kb4 63. Ra8 g5 64. Rb8+ Kc3 65. Rc8+ Kd4 66. Rd8+ Ke5 67. Re8+ Kd6 68. Ra8 g4 69. Ra6+ Kc5 70.
Ra5+ Kb4 71. Ra8 Kb5 72. Rb8+ Kc6 73. Ra8 Kd7 74. Ra7+ Ke6 75. Ra6+ Kd5 76. Ra5+ Ke4 77. Ra4+ Kd3 78. Ra3+ Kd4 79. Ra8 Ke5 80. Ra5+ Kd6 81.
Ra8 Ke7 82. Ra6 h4 83. gxh4 g3 84. h5 Kf7 85. h6 Kg8 86. Ra7 Kh8 87. Ra3 Kh7 88.
Ra6 Kg8 89. Ra7 Kh8 90. Ra6 Kh7 91. Ra7+ Kxh6 92. Ra6+ Kg5 93. Ra3 Kf6 94. Ra6+ Ke5 95. Ra8 Kd6 96. Ra6+ Kc5 97. Ra8 Kd4 98. Ra4+ Kc3 99.
Ra8 Kb2 100. Rb8+ Kc2 101. Rc8+ Kb3 102. Rb8+ Kc4 103. Rc8+ Kb5 104. Ra8 Kb6 105. Ra3 Kc6 106. Ra4 Kb5 107. Ra8 Kc4 108. Rc8+ Kb3 109. Rb8+ Kc2 110. Rc8+ Kd3 111. Rd8+ Kc4 1/2-1/2

[Event "*** Titled Tuesday Blitz"]
[Site "Chess.com"]
[Date "2020.12.29"]
[Round "10"]
[White "Vaathi_Coming"]
[Black "Leonid_Starozhilov"]
[Result "0-1"]
[WhiteElo "2805"]
[BlackElo "2651"]
[TimeControl "180+1"]
[EndTime "11:58:09 PST"]
[Termination "Leonid_Starozhilov won by resignation"]

1. f4 d5 2. e3 Nc6 3. Nf3 Bg4 4. Be2 Bxf3 5. Bxf3 e5 6. fxe5 Nxe5 7. O-O Nf6 8. b3 Bd6 9. Bb2 O-O 10. Nc3 c6 11. Ne2 Re8 12. Ng3 Qd7 13. Be2 Ne4 14.
Nf5 Bf8 15. d3 Nd6 16. Ng3 Qe7 17. Kh1 g6 18. c4 Bg7 19. c5 Nb5 20. d4 Nd7 21. e4 Nc7 22. Bf3 dxe4 23. Nxe4 Rab8 24. Nd6 Rf8 25. Qd2 Nf6 26. Rae1 Qd7 27. Be2 Ncd5 28. b4 Ne8 29. Nc4 Nec7 30. Ne5 Qd8 31. Bc4 Ne6 32. b5 Qc7 33. a4 Rbd8 34. Qf2 Nf6 35. Nxf7 Nd5 36. Rxe6 Rxf7 37. Qxf7+ Qxf7 38. Rxf7 Kxf7 39. Re1 Bf6 40. g3 Rd7 41. Kg2 Bg5 42. Kf3 Kg7 43. Re5 Bf6 44. Re2 Bg5 45. h4 Bf6 46.
Re4 h5 47. Bxd5 Rxd5 48. Ke3 Rd7 49. Kd3 Kf7 50. Kc4 Re7 51. Rxe7+ Kxe7 52. Bc1 Ke6 53. Bf4 Bd8 54. Bb8 a6 55. Bf4 Ba5 56. bxa6 bxa6 57. Be5 Be1 58. Bd6 Ba5 59. Bb8 Be1 60. Bc7 Bd2 61. Kd3 Bh6 62. Ke4 Bd2 63. Bf4 Be1 64.
Be5 Ba5 65. Bd6 Bb4 66. Be5 Be1 67. Kf4 Bd2+ 68. Kf3 Bc1 69. Ke4 Bd2 70. Kd3 Be1 71. Kc4 Ba5 72. Kd3 Be1 73. Ke2 Ba5 74. Kf3 Kf5 75.
Bf4 Bc3 76. Be3 Bb2 77. d5 cxd5 78. c6 Ke6 79. Bf4 Ba3 80. Ke3 Bc5+ 81. Kd3 Bf2 82. Kc3 Bc5 83. Kb3 Ke7 84. Kc3 Ke6 85. Kd2 Bb4+ 86. Kd3 Bc5 87. Kc3 Ke7 88. Be5 Ke6 89. Bf4 Ke7 90. Kc2 Ke6 91. Kb3 Ke7 92. Kb2 Ke6 93.
Kc2 Ke7 94. Kd1 Ke6 95. Ke2 Ke7 96. Kf3 Ke6 97. Bb8 Be7 98. Kf4 Bd6+ 99. Bxd6 Kxd6 100. Kg5 d4 101. Kf4 Kxc6 102. Ke4 Kc5 103. a5 Kc4 0-1

[Event "*** Titled Tuesday Blitz"]
[Site "Chess.com"]
[Date "2020.12.29"]
[Round "11"]
[White "jacky72"]
[Black "skoularikii"]
[Result "1-0"]
[WhiteElo "2794"]
[BlackElo "2627"]
[TimeControl "180+1"]
[EndTime "11:59:35 PST"]
[Termination "jacky72 won by resignation"]

1. d4 d5 2. c4 c6 3. Nf3 Nf6 4. Nc3 g6 5. cxd5 cxd5 6. Bf4 Bg7 7. e3 O-O 8. Be2 Nc6 9. h3 Bf5 10. O-O Qb8 11. Bxb8 1-0

[Event "*** Titled Tuesday Blitz"]
[Site "Chess.com"]
[Date "2020.12.29"]
[Round "11"]
[White "VladimirBugayev"]
[Black "DarZay"]
[Result "1-0"]
[WhiteElo "2249"]
[BlackElo "2095"]
[TimeControl "180+1"]
[EndTime "12:00:49 PST"]
[Termination "VladimirBugayev won by resignation"]

1. e4 c5 2. a3 Nc6 3. b4 cxb4 4. axb4 Nxb4 5. d4 d5 6. c3 Nc6 7.
exd5 Qxd5 8. Na3 Nf6 9. Nb5 Qd8 10. d5 Ne5 11. Bf4 Nfd7 12. Nf3 Nxf3+ 13. Qxf3 e5 14.
dxe6 fxe6 15. Nc7+ Ke7 16. O-O-O e5 17. Bg5+ 1-0